Rafales vs Tamiflu
Created - 24 janvier 2017 at 19:01
Goals
|
| Rafales |
1 |
2 |
0 |
3 |
| Tamiflu |
0 |
4 |
2 |
6 |
|
Shots
|
| Rafales |
13 |
13 |
12 |
38 |
| Tamiflu |
14 |
18 |
12 |
44 |
|
1st period
1. Rafales , Nathan Davis 12 (Jonathan Rheault, Mike Sislo) at 10:41 (PP)
Penalties :
Nathan Oystrick (Det) for Holding (Minor) at 10:06
2nd period
2. Tamiflu , Jamie Arniel 18 (Tye McGinn, Mike Duco) at 0:34
3. Rafales , Johan Ryno 6 (Carl Klingberg, Kevin Veilleux) at 9:01
4. Tamiflu , Petr Pohl 14 (Robert Dome, Mattias Tedenby) at 12:04
5. Tamiflu , Petr Pohl 15 (Greg Mauldin) at 13:31
6. Rafales , Bruno Gervais 2 (Matt Gilroy, Mike Sislo) at 17:17 (PP)
7. Tamiflu , Jamie Arniel 19 (Mike Duco, Nathan Oystrick) at 17:32
Penalties :
Tye McGinn (Det) for Kneeing (Minor) at 16:37, Milan Bartovic (Stf) for Roughing (Minor) at 17:35
3rd period
8. Tamiflu , Rich Clune 5 (Justin Braun) at 4:26
9. Tamiflu , Greg Mauldin 19 (Robert Dome, Nathan Oystrick) at 4:40
Penalties :
Mike Duco (Det) for Holding (Minor) at 1:25, Geoff Paukovich (Stf) for Holding (Minor) at 8:47
Goalie Stats
John Gibson (Stf), 38 saves from 44 shots - (0,864), L, 13-11-3, 60:00 minutes
Thomas Greiss (Det), 35 saves from 38 shots - (0,921), W, 18-12-5, 60:00 minutes
Players Stats for Rafales
Player Name G A P +/- PIM S H SB GA TA FO MP PP MP PK MP
------------------------------------------------------------------------------------
Bruno Gervais 1 0 1 0 0 4 0 1 0 0 0/0 20:55 1:50 0:00
Carl Klingberg 0 1 1 1 0 3 1 0 1 0 0/0 9:12 0:07 0:38
Cody McLeod 0 0 0 -4 0 5 4 1 3 0 1/5 21:42 1:42 2:29
Connor Murphy 0 0 0 -2 0 0 1 0 0 0 0/0 16:17 1:24 1:48
Dan Fritsche 0 0 0 -2 0 1 1 1 0 0 4/8 13:28 0:00 0:45
Geoff Paukovich 0 0 0 0 2 2 1 2 0 0 0/0 14:37 0:22 0:00
Johan Ryno 1 0 1 1 0 3 0 0 0 0 0/0 8:34 0:07 0:00
Jonathan Rheault 0 1 1 0 0 4 1 0 1 0 0/1 15:04 1:25 0:00
Kevin Veilleux 0 1 1 1 0 1 1 0 0 0 8/11 8:18 0:00 0:00
Marc-André Gragnani 0 0 0 0 0 1 1 1 1 1 0/0 20:12 1:24 1:48
Mark Fayne 0 0 0 -2 0 0 0 1 0 0 0/0 12:12 0:00 0:00
Matt Gilroy 0 1 1 -3 0 2 1 4 0 0 0/0 27:36 1:50 2:10
Mike Sislo 0 2 2 -2 0 3 2 1 0 0 0/0 13:53 1:10 0:00
Mike Zigomanis 0 0 0 -4 0 2 2 1 1 1 10/34 21:16 1:42 2:28
Milan Bartovic 0 0 0 -4 2 2 1 0 0 0 3/5 20:09 1:42 0:29
Nathan Davis 1 0 1 0 0 3 1 1 0 0 3/5 17:04 1:25 1:07
Tim Crowder 0 0 0 -2 0 1 1 1 0 0 0/2 12:43 0:00 0:00
Willie Mitchell 0 0 0 -3 0 1 0 0 0 0 0/0 22:48 0:00 2:10
Players Stats for Tamiflu
Player Name G A P +/- PIM S H SB GA TA FO MP PP MP PK MP
------------------------------------------------------------------------------------
Adam Larsson 0 0 0 1 0 2 1 1 0 0 0/0 10:42 0:00 0:00
Casey Wellman 0 0 0 1 0 0 0 0 0 0 2/5 8:22 0:00 0:00
Colin Greening 0 0 0 0 0 2 3 0 0 0 2/4 10:34 0:00 0:00
Greg Mauldin 1 1 2 3 0 6 1 0 0 1 21/31 23:15 2:23 2:09
Greg McKegg 0 0 0 0 0 0 0 0 0 0 0/0 0:00 0:00 0:00
Jamie Arniel 2 0 2 1 0 3 2 0 0 1 10/20 17:01 1:35 0:17
Jan Mursak 0 0 0 0 0 0 1 0 0 0 0/0 10:34 0:00 0:00
Jerome Gauthier-Leduc 0 0 0 0 0 0 0 0 0 0 0/0 0:00 0:00 0:00
Jordan Hendry 0 0 0 3 0 2 3 4 1 1 0/0 25:42 2:38 2:08
Justin Braun 0 1 1 1 0 1 0 0 0 1 0/0 10:42 0:00 0:00
Konrad Abeltshauser 0 0 0 0 0 0 0 0 0 0 0/0 0:25 0:00 0:25
Kyle Lawson 0 0 0 0 0 2 1 2 0 0 0/0 19:08 1:20 1:06
Lucas Lessio 0 0 0 0 0 0 0 0 0 0 0/0 0:48 0:00 0:48
Mattias Tedenby 0 1 1 1 0 1 1 0 0 0 0/0 8:22 0:00 0:00
Mike Duco 0 2 2 1 2 6 1 1 1 1 1/1 16:52 1:35 0:00
Nathan Oystrick 0 2 2 3 2 2 1 1 0 0 0/0 25:16 2:38 1:43
Nino Niederreiter 0 0 0 0 0 2 3 1 0 0 0/0 10:34 0:00 0:00
Petr Pohl 2 0 2 3 0 8 2 0 0 0 2/3 21:14 2:23 0:17
Philip Samuelsson 0 0 0 0 0 0 1 1 0 2 0/0 19:08 1:20 1:06
Rich Clune 1 0 1 1 0 1 1 0 0 0 0/0 8:22 0:00 0:00
Robert Dome 0 2 2 3 0 4 0 1 0 0 4/6 23:15 2:23 2:09
Stefan Elliott 0 0 0 1 0 0 0 1 0 0 0/0 4:28 0:00 0:00
Stuart Percy 0 0 0 1 0 0 0 0 0 0 0/0 4:28 0:00 0:00
Tanner Kero 0 0 0 0 0 0 0 0 0 0 0/0 0:48 0:00 0:48
Tye McGinn 0 1 1 1 2 2 3 1 0 0 0/1 16:43 1:35 0:00
3 Stars
1 - Petr Pohl (Det)
2 - Jamie Arniel (Det)
3 - Greg Mauldin (Det)
Power Play
Rafales - 2 on 3 Attempt(s) - 66,67%
Tamiflu - 0 on 2 Attempt(s) - 0,00%
Penalty Kill
Rafales - 2 on 2 Attempt(s) - 100,00%
- Score 0 goal in Penalty Kill
Tamiflu - 1 on 3 Attempt(s) - 33,33%
- Score 0 goal in Penalty Kill
Team Stat
Rafales - Hits : 19 - Faceoff Wins : 29 - Blocked Shots : 15 - Penalty Minutes : 4
Tamiflu - Hits : 25 - Faceoff Wins : 42 - Blocked Shots : 14 - Penalty Minutes : 6
Official
Referees : Fraser Kerry and Ciamaga Chris
Linesman : Shane Heyer and Mark Shewchyk
Game Notes
No Game Note
Finance
Level 1 -- Attendance: 1463 (73,15%) -- Ticket Income 36 575 $
Level 2 -- Attendance: 703 (70,30%) -- Ticket Income 7 030 $
Total Attendance: 2166 (72,20%)
Total Ticket Income: 43 605 $
Other Income: 2 180 $
Total Income: 45 785 $
Rafales
5 vs 5 Forward
Center Left Wing Right Wing Time % Phy DF OF
1 Mike Zigomanis Cody McLeod Milan Bartovic 40 0 0 5
2 Nathan Davis Geoff Paukovich Jonathan Rheault 30 0 0 5
3 Dan Fritsche Mike Sislo Tim Crowder 20 0 2 3
4 Kevin Veilleux Carl Klingberg Johan Ryno 10 0 1 4
5 vs 5 Defense
Defense Defense Time % Phy DF OF
1 Willie Mitchell Matt Gilroy 40 0 3 2
2 Bruno Gervais Marc-André Gragnani 30 0 3 2
3 Mark Fayne Connor Murphy 20 0 4 1
4 Bruno Gervais Matt Gilroy 10 0 2 3
PowerPlay Forward
Center Left Wing Right Wing Time % Phy DF OF
1 Mike Zigomanis Cody McLeod Milan Bartovic 60 0 0 5
2 Nathan Davis Mike Sislo Jonathan Rheault 40 0 0 5
PowerPlay Defense
Defense Defense Time % Phy DF OF
1 Bruno Gervais Matt Gilroy 60 0 2 3
2 Connor Murphy Marc-André Gragnani 40 0 2 3
Penalty Kill 4 Players Forward
Center Wing Time % Phy DF OF
1 Mike Zigomanis Cody McLeod 60 0 4 1
2 Milan Bartovic Nathan Davis 40 0 4 0
Penalty Kill 4 Players Defense
Defense Defense Time % Phy DF OF
1 Willie Mitchell Matt Gilroy 60 0 5 0
2 Connor Murphy Marc-André Gragnani 40 0 5 0
Penalty Kill - 3 Players Forward
Forward Time % Phy DF OF
1 Mike Zigomanis 60 0 5 0
2 Cody McLeod 40 0 5 0
Penalty Kill - 3 Players Defense
Defense Defense Time % Phy DF OF
1 Willie Mitchell Matt Gilroy 60 1 4 0
2 Mark Fayne Marc-André Gragnani 40 1 4 0
4 vs 4 Forward
Center Wing Time % Phy DF OF
1 Mike Zigomanis Cody McLeod 60 0 2 3
2 Milan Bartovic Nathan Davis 40 0 2 3
4 vs 4 Defense
Defense Defense Time % Phy DF OF
1 Bruno Gervais Matt Gilroy 60 0 3 2
2 Mark Fayne Marc-André Gragnani 40 0 3 2
Last Minutes Offensive
Center Left Wing Right Wing Defense Defense
Mike Zigomanis Cody McLeod Milan Bartovic Bruno Gervais Matt Gilroy
Last Minutes Defensive
Center Left Wing Right Wing Defense Defense
Mike Zigomanis Cody McLeod Milan Bartovic Willie Mitchell Mark Fayne
Goaltenders
Starting : John Gibson
Backup : Philipp Grubauer
Extra Forwards
Normal : Cody McLeod, Geoff Paukovich, Mike Zigomanis - PP : Cody McLeod, Geoff Paukovich - PK : Mike Zigomanis
Extra Defensemen
Normal : Matt Gilroy, Connor Murphy, Bruno Gervais - PP : Matt Gilroy - PK : Willie Mitchell, Mark Fayne
Penalty Shots
Mike Zigomanis, Cody McLeod, Milan Bartovic, Nathan Davis, Geoff Paukovich
Tamiflu
5 vs 5 Forward
Center Left Wing Right Wing Time % Phy DF OF
1 Greg Mauldin Robert Dome Petr Pohl 40 1 2 2
2 Jamie Arniel Tye McGinn Mike Duco 30 1 2 2
3 Colin Greening Jan Mursak Nino Niederreiter 20 1 2 2
4 Casey Wellman Rich Clune Mattias Tedenby 10 1 2 2
5 vs 5 Defense
Defense Defense Time % Phy DF OF
1 Nathan Oystrick Jordan Hendry 40 1 2 2
2 Philip Samuelsson Kyle Lawson 30 1 2 2
3 Adam Larsson Justin Braun 20 1 2 2
4 Stefan Elliott Stuart Percy 10 1 2 2
PowerPlay Forward
Center Left Wing Right Wing Time % Phy DF OF
1 Greg Mauldin Robert Dome Petr Pohl 60 1 2 2
2 Jamie Arniel Tye McGinn Mike Duco 40 1 2 2
PowerPlay Defense
Defense Defense Time % Phy DF OF
1 Nathan Oystrick Jordan Hendry 60 1 2 2
2 Philip Samuelsson Kyle Lawson 40 1 2 2
Penalty Kill 4 Players Forward
Center Wing Time % Phy DF OF
1 Robert Dome Greg Mauldin 60 1 2 2
2 Petr Pohl Jamie Arniel 40 1 2 2
Penalty Kill 4 Players Defense
Defense Defense Time % Phy DF OF
1 Nathan Oystrick Jordan Hendry 60 1 2 2
2 Philip Samuelsson Kyle Lawson 40 1 2 2
Penalty Kill - 3 Players Forward
Forward Time % Phy DF OF
1 Robert Dome 60 1 2 2
2 Greg Mauldin 40 1 2 2
Penalty Kill - 3 Players Defense
Defense Defense Time % Phy DF OF
1 Nathan Oystrick Jordan Hendry 60 1 2 2
2 Philip Samuelsson Kyle Lawson 40 1 2 2
4 vs 4 Forward
Center Wing Time % Phy DF OF
1 Robert Dome Greg Mauldin 60 1 2 2
2 Petr Pohl Jamie Arniel 40 1 2 2
4 vs 4 Defense
Defense Defense Time % Phy DF OF
1 Nathan Oystrick Jordan Hendry 60 1 2 2
2 Philip Samuelsson Kyle Lawson 40 1 2 2
Last Minutes Offensive
Center Left Wing Right Wing Defense Defense
Greg Mauldin Robert Dome Petr Pohl Nathan Oystrick Jordan Hendry
Last Minutes Defensive
Center Left Wing Right Wing Defense Defense
Greg Mauldin Robert Dome Petr Pohl Nathan Oystrick Jordan Hendry
Goaltenders
Starting : Thomas Greiss
Backup : Joe Fallon
Extra Forwards
Normal : Greg McKegg, Lucas Lessio, Tanner Kero - PP : Greg McKegg, Lucas Lessio - PK : Tanner Kero
Extra Defensemen
Normal : Jerome Gauthier-Leduc, Konrad Abeltshauser, Adam Larsson - PP : Jerome Gauthier-Leduc - PK : Konrad Abeltshauser, Adam Larsson
Penalty Shots
Robert Dome, Greg Mauldin, Petr Pohl, Jamie Arniel, Mike Duco
% Time on Ice - Rafales
Lines # - Real PCT - Wanted PCT - Time Play
Normal Forward
1 - 33% - 40% - 17:40
2 - 27% - 30% - 14:07
3 - 24% - 20% - 12:43
4 - 16% - 10% - 8:18
Normal Defense
1 - 39% - 40% - 20:39
2 - 32% - 30% - 16:44
3 - 23% - 20% - 12:12
4 - 6% - 10% - 3:13
PP Forward
1 - 56% - 60% - 1:49
2 - 44% - 40% - 1:25
PP Defense
1 - 57% - 60% - 1:50
2 - 43% - 40% - 1:24
PK Forward
1 - 79% - 60% - 3:07
2 - 21% - 40% - 0:51
PK Defense
1 - 55% - 60% - 2:10
2 - 45% - 40% - 1:48
PK3 Forward
1 - 0% - 60%
2 - 0% - 40%
PK3 Defense
1 - 0% - 60%
2 - 0% - 40%
44 Forward
1 - 0% - 60%
2 - 0% - 40%
44 Defense
1 - 0% - 60%
2 - 0% - 40%
Last Minute Offensive - 0:00
Last Minute Defensive - 0:00
Total
Forward - 60:00
Defense - 60:00
|
% Time on Ice - Tamiflu
Lines # - Real PCT - Wanted PCT - Time Play
Normal Forward
1 - 35% - 40% - 18:43
2 - 29% - 30% - 15:09
3 - 20% - 20% - 10:34
4 - 16% - 10% - 8:22
Normal Defense
1 - 40% - 40% - 20:56
2 - 32% - 30% - 16:42
3 - 20% - 20% - 10:42
4 - 8% - 10% - 4:28
PP Forward
1 - 60% - 60% - 2:23
2 - 40% - 40% - 1:35
PP Defense
1 - 66% - 60% - 2:38
2 - 34% - 40% - 1:20
PK Forward
1 - 91% - 60% - 2:57
2 - 9% - 40% - 0:17
PK Defense
1 - 66% - 60% - 2:08
2 - 34% - 40% - 1:06
PK3 Forward
1 - 0% - 60%
2 - 0% - 40%
PK3 Defense
1 - 0% - 60%
2 - 0% - 40%
44 Forward
1 - 0% - 60%
2 - 0% - 40%
44 Defense
1 - 0% - 60%
2 - 0% - 40%
Last Minute Offensive - 0:00
Last Minute Defensive - 0:00
Total
Forward - 60:00
Defense - 60:00
|
Play by Play
1st period
0:01 of 1st period - Milan Bartovic wins face-off versus Greg Mauldin in neutral zone.
0:26 of 1st period - Jordan Hendry is hit by Mike Sislo and loses puck.
0:37 of 1st period - Wrist shot by Mike Sislo.
0:37 of 1st period - Stopped by Thomas Greiss without a rebound.
0:38 of 1st period - Jamie Arniel wins face-off versus Nathan Davis in Tamiflu zone.
0:49 of 1st period - Slapshot by Mike Duco.
0:49 of 1st period - Stopped by John Gibson without a rebound.
0:50 of 1st period - Colin Greening wins face-off versus Kevin Veilleux in Rafales zone.
0:51 of 1st period - Snap shot by Jan Mursak.
0:51 of 1st period - Shot Misses the Net.
1:22 of 1st period - Snap shot by Mike Zigomanis.
1:22 of 1st period - Stopped by Thomas Greiss with a rebound.
1:33 of 1st period - Icing by Adam Larsson.
1:34 of 1st period - Nathan Davis wins face-off versus Jamie Arniel in Tamiflu zone.
1:35 of 1st period - Wrist shot by Jonathan Rheault.
1:35 of 1st period - Stopped by Thomas Greiss with a rebound.
1:46 of 1st period - Wrist shot by Jamie Arniel.
1:46 of 1st period - Shot Misses the Net.
1:48 of 1st period - Slapshot by Justin Braun.
1:48 of 1st period - Stopped by John Gibson without a rebound.
1:49 of 1st period - Casey Wellman wins face-off versus Dan Fritsche in Rafales zone.
2:02 of 1st period - Snap shot by Rich Clune.
2:02 of 1st period - Deflect By Mattias Tedenby.
2:02 of 1st period - Stopped by John Gibson with a rebound.
2:04 of 1st period - Slapshot by Kyle Lawson.
2:04 of 1st period - Stopped by John Gibson with a rebound.
2:14 of 1st period - Mike Zigomanis is hit by Philip Samuelsson and loses puck.
2:21 of 1st period - Slapshot by Bruno Gervais.
2:21 of 1st period - Stopped by Thomas Greiss with a rebound.
2:53 of 1st period - Jonathan Rheault is hit by Mattias Tedenby and loses puck.
3:00 of 1st period - Snap shot by Jonathan Rheault.
3:00 of 1st period - Stopped by Thomas Greiss with a rebound.
3:12 of 1st period - Snap shot by Nathan Davis.
3:12 of 1st period - Shot Misses the Net.
4:00 of 1st period - Snap shot by Mattias Tedenby.
4:00 of 1st period - Shot Blocked by Marc-André Gragnani.
4:02 of 1st period - Slapshot by Nathan Oystrick.
4:02 of 1st period - Stopped by John Gibson without a rebound.
4:03 of 1st period - Greg Mauldin wins face-off versus Mike Zigomanis in Rafales zone.
4:30 of 1st period - Snap shot by Tye McGinn.
4:30 of 1st period - Deflect By Matt Gilroy.
4:30 of 1st period - Stopped by John Gibson with a rebound.
5:08 of 1st period - Greg Mauldin is hit by Cody McLeod and loses puck.
5:24 of 1st period - Icing by Bruno Gervais.
5:25 of 1st period - Dan Fritsche wins face-off versus Jamie Arniel in Rafales zone.
5:38 of 1st period - Slapshot by Mike Duco.
5:38 of 1st period - Stopped by John Gibson with a rebound.
5:40 of 1st period - Slapshot by Jamie Arniel.
5:40 of 1st period - Deflect By Tye McGinn.
5:40 of 1st period - Shot Blocked by Dan Fritsche.
5:40 of 1st period - Puck is out of play.
5:41 of 1st period - Greg Mauldin wins face-off versus Mike Zigomanis in Rafales zone.
5:46 of 1st period - Snap shot by Robert Dome.
5:46 of 1st period - Shot Misses the Net.
5:48 of 1st period - Snap shot by Robert Dome.
5:48 of 1st period - Stopped by John Gibson without a rebound.
5:49 of 1st period - Greg Mauldin wins face-off versus Mike Zigomanis in Rafales zone.
6:05 of 1st period - Wrist shot by Greg Mauldin.
6:05 of 1st period - Stopped by John Gibson with a rebound.
6:07 of 1st period - Slapshot by Adam Larsson.
6:07 of 1st period - Shot Blocked by Matt Gilroy.
6:09 of 1st period - Slapshot by Adam Larsson.
6:09 of 1st period - Stopped by John Gibson with a rebound.
6:11 of 1st period - Snap shot by Greg Mauldin.
6:11 of 1st period - Stopped by John Gibson without a rebound.
6:12 of 1st period - Kevin Veilleux wins face-off versus Colin Greening in Rafales zone.
6:37 of 1st period - Mike Duco is hit by Cody McLeod and loses puck.
7:08 of 1st period - Snap shot by Tim Crowder.
7:08 of 1st period - Shot Blocked by Philip Samuelsson.
7:26 of 1st period - Wrist shot by Rich Clune.
7:26 of 1st period - Shot Misses the Net.
7:28 of 1st period - Slapshot by Philip Samuelsson.
7:28 of 1st period - Shot Misses the Net.
7:30 of 1st period - Slapshot by Philip Samuelsson.
7:30 of 1st period - Shot Blocked by Matt Gilroy.
7:50 of 1st period - Snap shot by Carl Klingberg.
7:50 of 1st period - Shot Blocked by Nino Niederreiter.
8:11 of 1st period - Nathan Oystrick is hit by Mike Zigomanis and loses puck.
8:26 of 1st period - Greg Mauldin is hit by Dan Fritsche.
9:16 of 1st period - Slapshot by Matt Gilroy.
9:16 of 1st period - Shot Blocked by Stefan Elliott.
9:32 of 1st period - Wrist shot by Petr Pohl.
9:32 of 1st period - Stopped by John Gibson without a rebound.
9:33 of 1st period - Mike Zigomanis wins face-off versus Greg Mauldin in Rafales zone.
10:06 of 1st period - Minor Penalty to Nathan Oystrick for Holding.
10:07 of 1st period - Robert Dome wins face-off versus Mike Zigomanis in Tamiflu zone.
10:41 of 1st period - Slapshot by Nathan Davis.
10:41 of 1st period - Goal by Nathan Davis - Rafales : 1 - Tamiflu : 0.
10:42 of 1st period - Milan Bartovic wins face-off versus Robert Dome in neutral zone.
10:51 of 1st period - Slapshot by Matt Gilroy.
10:51 of 1st period - Stopped by Thomas Greiss with a rebound.
10:57 of 1st period - Petr Pohl is hit by Cody McLeod and loses puck.
11:16 of 1st period - Slapshot by Mike Sislo.
11:16 of 1st period - Shot Misses the Net.
11:18 of 1st period - Snap shot by Matt Gilroy.
11:18 of 1st period - Shot Misses the Net.
12:10 of 1st period - Snap shot by Jonathan Rheault.
12:10 of 1st period - Stopped by Thomas Greiss with a rebound.
12:12 of 1st period - Slapshot by Bruno Gervais.
12:12 of 1st period - Stopped by Thomas Greiss with a rebound.
12:14 of 1st period - Backhand shot by Marc-André Gragnani.
12:14 of 1st period - Shot Misses the Net.
12:16 of 1st period - Snap shot by Marc-André Gragnani.
12:16 of 1st period - Stopped by Thomas Greiss with a rebound.
12:18 of 1st period - Wrist shot by Bruno Gervais.
12:18 of 1st period - Shot Hit the Post.
12:34 of 1st period - Wrist shot by Nathan Davis.
12:34 of 1st period - Stopped by Thomas Greiss without a rebound.
12:35 of 1st period - Jamie Arniel wins face-off versus Mike Zigomanis in Tamiflu zone.
13:02 of 1st period - Adam Larsson is hit by Matt Gilroy and loses puck.
13:07 of 1st period - Wrist shot by Dan Fritsche.
13:07 of 1st period - Stopped by Thomas Greiss without a rebound.
13:08 of 1st period - Jamie Arniel wins face-off versus Dan Fritsche in Tamiflu zone.
13:35 of 1st period - Snap shot by Milan Bartovic.
13:35 of 1st period - Shot Misses the Net.
13:37 of 1st period - Slapshot by Cody McLeod.
13:37 of 1st period - Shot Misses the Net.
13:39 of 1st period - Snap shot by Cody McLeod.
13:39 of 1st period - Stopped by Thomas Greiss with a rebound.
14:01 of 1st period - Wrist shot by Colin Greening.
14:01 of 1st period - Stopped by John Gibson with a rebound.
14:13 of 1st period - Mattias Tedenby is hit by Tim Crowder and loses puck.
14:22 of 1st period - Tim Crowder is hit by Rich Clune and loses puck.
15:02 of 1st period - Snap shot by Robert Dome.
15:02 of 1st period - Deflect By Greg Mauldin.
15:02 of 1st period - Shot Misses the Net.
15:02 of 1st period - Puck is out of play.
15:03 of 1st period - Robert Dome wins face-off versus Cody McLeod in Rafales zone.
15:25 of 1st period - Icing by Marc-André Gragnani.
15:26 of 1st period - Nathan Davis wins face-off versus Jamie Arniel in Rafales zone.
15:35 of 1st period - Wrist shot by Mike Duco.
15:35 of 1st period - Shot Blocked by Geoff Paukovich.
15:51 of 1st period - Willie Mitchell is hit by Jordan Hendry and loses puck.
17:02 of 1st period - Wrist shot by Nathan Davis.
17:02 of 1st period - Shot Misses the Net.
17:04 of 1st period - Slapshot by Connor Murphy.
17:04 of 1st period - Deflect By Nathan Davis.
17:04 of 1st period - Deflect By Kyle Lawson.
17:04 of 1st period - Shot Blocked by Kyle Lawson.
17:04 of 1st period - Puck is out of play.
17:05 of 1st period - Greg Mauldin wins face-off versus Cody McLeod in Tamiflu zone.
18:06 of 1st period - Snap shot by Jan Mursak.
18:06 of 1st period - Shot Misses the Net.
18:13 of 1st period - Icing by Bruno Gervais.
18:14 of 1st period - Kevin Veilleux wins face-off versus Greg Mauldin in Rafales zone.
18:30 of 1st period - Bruno Gervais is hit by Jordan Hendry and loses puck.
18:37 of 1st period - Petr Pohl is hit by Kevin Veilleux and loses puck.
18:56 of 1st period - Wrist shot by Greg Mauldin.
18:56 of 1st period - Stopped by John Gibson without a rebound.
18:57 of 1st period - Mike Zigomanis wins face-off versus Jamie Arniel in Rafales zone.
18:57 of 1st period - Mike Zigomanis is hit by Tye McGinn.
19:02 of 1st period - Off-side.
19:03 of 1st period - Mike Zigomanis wins face-off versus Jamie Arniel in neutral zone.
19:14 of 1st period - Off-side.
19:15 of 1st period - Cody McLeod wins face-off versus Petr Pohl in neutral zone.
19:40 of 1st period - Jonathan Rheault is hit by Jan Mursak and loses puck.
Goals for this period are 1 for Rafales vs 0 for Tamiflu.
Shots for this period are 13 for Rafales vs 14 for Tamiflu.
2nd period
0:01 of 2nd period - Greg Mauldin wins face-off versus Cody McLeod in neutral zone.
0:08 of 2nd period - Bruno Gervais is hit by Greg Mauldin and loses puck.
0:32 of 2nd period - Slapshot by Jamie Arniel.
0:32 of 2nd period - Deflect By Tye McGinn.
0:32 of 2nd period - Stopped by John Gibson with a rebound.
0:34 of 2nd period - Backhand shot by Jamie Arniel.
0:34 of 2nd period - Goal by Jamie Arniel - Rafales : 1 - Tamiflu : 1.
0:35 of 2nd period - Greg Mauldin wins face-off versus Mike Zigomanis in neutral zone.
0:38 of 2nd period - Snap shot by Petr Pohl.
0:38 of 2nd period - Stopped by John Gibson with a rebound.
0:48 of 2nd period - Slapshot by Greg Mauldin.
0:48 of 2nd period - Stopped by John Gibson with a rebound.
1:00 of 2nd period - Nathan Oystrick is hit by Jonathan Rheault and loses puck.
1:06 of 2nd period - Icing by Colin Greening.
1:07 of 2nd period - Colin Greening wins face-off versus Dan Fritsche in Tamiflu zone.
1:20 of 2nd period - Wrist shot by Nino Niederreiter.
1:20 of 2nd period - Stopped by John Gibson without a rebound.
1:21 of 2nd period - Greg Mauldin wins face-off versus Mike Zigomanis in Rafales zone.
1:28 of 2nd period - Snap shot by Greg Mauldin.
1:28 of 2nd period - Shot Blocked by Bruno Gervais.
1:30 of 2nd period - Wrist shot by Robert Dome.
1:30 of 2nd period - Stopped by John Gibson with a rebound.
1:32 of 2nd period - Wrist shot by Greg Mauldin.
1:32 of 2nd period - Deflect By Robert Dome.
1:32 of 2nd period - Shot Misses the Net.
1:32 of 2nd period - Puck is out of play.
1:33 of 2nd period - Petr Pohl wins face-off versus Mike Zigomanis in Rafales zone.
1:42 of 2nd period - Snap shot by Robert Dome.
1:42 of 2nd period - Stopped by John Gibson without a rebound.
1:43 of 2nd period - Greg Mauldin wins face-off versus Cody McLeod in Rafales zone.
1:59 of 2nd period - Wrist shot by Cody McLeod.
1:59 of 2nd period - Stopped by Thomas Greiss without a rebound.
2:00 of 2nd period - Jamie Arniel wins face-off versus Jonathan Rheault in Tamiflu zone.
2:30 of 2nd period - Petr Pohl is hit by Connor Murphy and loses puck.
3:35 of 2nd period - Snap shot by Robert Dome.
3:35 of 2nd period - Shot Blocked by Mark Fayne.
3:37 of 2nd period - Snap shot by Greg Mauldin.
3:37 of 2nd period - Shot Misses the Net.
3:47 of 2nd period - Milan Bartovic is hit by Nino Niederreiter and loses puck.
4:27 of 2nd period - Off-side.
4:28 of 2nd period - Kevin Veilleux wins face-off versus Jamie Arniel in neutral zone.
4:30 of 2nd period - Off-side.
4:31 of 2nd period - Kevin Veilleux wins face-off versus Jamie Arniel in neutral zone.
4:38 of 2nd period - Slapshot by Carl Klingberg.
4:38 of 2nd period - Deflect By Kevin Veilleux.
4:38 of 2nd period - Shot Hit the Post.
4:38 of 2nd period - Puck is out of play.
4:39 of 2nd period - Greg Mauldin wins face-off versus Milan Bartovic in Tamiflu zone.
4:39 of 2nd period - Greg Mauldin is hit by Mike Zigomanis.
4:45 of 2nd period - Matt Gilroy is hit by Nathan Oystrick and loses puck.
4:50 of 2nd period - Wrist shot by Robert Dome.
4:50 of 2nd period - Shot Hit the Post.
5:34 of 2nd period - Slapshot by Colin Greening.
5:34 of 2nd period - Deflect By Jan Mursak.
5:34 of 2nd period - Shot Misses the Net.
5:34 of 2nd period - Puck is out of play.
5:35 of 2nd period - Mike Zigomanis wins face-off versus Greg Mauldin in Rafales zone.
5:35 of 2nd period - Mike Zigomanis is hit by Jordan Hendry.
5:45 of 2nd period - Snap shot by Cody McLeod.
5:45 of 2nd period - Shot Blocked by Jordan Hendry.
5:47 of 2nd period - Wrist shot by Milan Bartovic.
5:47 of 2nd period - Stopped by Thomas Greiss with a rebound.
5:49 of 2nd period - Wrist shot by Milan Bartovic.
5:49 of 2nd period - Stopped by Thomas Greiss with a rebound.
6:27 of 2nd period - Off-side.
6:28 of 2nd period - Greg Mauldin wins face-off versus Tim Crowder in neutral zone.
6:33 of 2nd period - Wrist shot by Petr Pohl.
6:33 of 2nd period - Stopped by John Gibson without a rebound.
6:34 of 2nd period - Greg Mauldin wins face-off versus Mike Zigomanis in Rafales zone.
7:54 of 2nd period - Slapshot by Mike Sislo.
7:54 of 2nd period - Stopped by Thomas Greiss without a rebound.
7:55 of 2nd period - Jamie Arniel wins face-off versus Mike Zigomanis in Tamiflu zone.
8:00 of 2nd period - Wrist shot by Mike Duco.
8:00 of 2nd period - Stopped by John Gibson with a rebound.
8:02 of 2nd period - Slapshot by Jamie Arniel.
8:02 of 2nd period - Shot Misses the Net.
8:04 of 2nd period - Snap shot by Tye McGinn.
8:04 of 2nd period - Deflect By Mike Duco.
8:04 of 2nd period - Stopped by John Gibson with a rebound.
8:06 of 2nd period - Slapshot by Nathan Oystrick.
8:06 of 2nd period - Stopped by John Gibson with a rebound.
8:08 of 2nd period - Backhand shot by Jordan Hendry.
8:08 of 2nd period - Stopped by John Gibson with a rebound.
8:10 of 2nd period - Snap shot by Jordan Hendry.
8:10 of 2nd period - Stopped by John Gibson with a rebound.
8:20 of 2nd period - Greg Mauldin is hit by Marc-André Gragnani.
8:31 of 2nd period - Slapshot by Bruno Gervais.
8:31 of 2nd period - Deflect By Geoff Paukovich.
8:31 of 2nd period - Stopped by Thomas Greiss with a rebound.
8:49 of 2nd period - Snap shot by Kevin Veilleux.
8:49 of 2nd period - Stopped by Thomas Greiss without a rebound.
8:50 of 2nd period - Kevin Veilleux wins face-off versus Jamie Arniel in Tamiflu zone.
8:51 of 2nd period - Wrist shot by Johan Ryno.
8:51 of 2nd period - Shot Misses the Net.
8:53 of 2nd period - Slapshot by Carl Klingberg.
8:53 of 2nd period - Stopped by Thomas Greiss with a rebound.
8:55 of 2nd period - Snap shot by Kevin Veilleux.
8:55 of 2nd period - Shot Misses the Net.
8:57 of 2nd period - Wrist shot by Carl Klingberg.
8:57 of 2nd period - Shot Misses the Net.
9:01 of 2nd period - Slapshot by Johan Ryno.
9:01 of 2nd period - Goal by Johan Ryno - Rafales : 2 - Tamiflu : 1.
9:02 of 2nd period - Greg Mauldin wins face-off versus Mike Zigomanis in neutral zone.
9:36 of 2nd period - Slapshot by Mark Fayne.
9:36 of 2nd period - Shot Misses the Net.
10:09 of 2nd period - Slapshot by Johan Ryno.
10:09 of 2nd period - Stopped by Thomas Greiss without a rebound.
10:10 of 2nd period - Kevin Veilleux wins face-off versus Casey Wellman in Tamiflu zone.
10:11 of 2nd period - Snap shot by Carl Klingberg.
10:11 of 2nd period - Stopped by Thomas Greiss without a rebound.
10:12 of 2nd period - Casey Wellman wins face-off versus Kevin Veilleux in Tamiflu zone.
10:21 of 2nd period - Wrist shot by Johan Ryno.
10:21 of 2nd period - Shot Misses the Net.
10:37 of 2nd period - Greg Mauldin is hit by Milan Bartovic and loses puck.
11:08 of 2nd period - Snap shot by Mike Duco.
11:08 of 2nd period - Shot Hit the Post.
11:23 of 2nd period - Mike Sislo is hit by Nino Niederreiter and loses puck.
12:04 of 2nd period - Snap shot by Petr Pohl.
12:04 of 2nd period - Goal by Petr Pohl - Rafales : 2 - Tamiflu : 2.
12:05 of 2nd period - Greg Mauldin wins face-off versus Mike Zigomanis in neutral zone.
12:36 of 2nd period - Slapshot by Colin Greening.
12:36 of 2nd period - Stopped by John Gibson with a rebound.
12:42 of 2nd period - Slapshot by Jan Mursak.
12:42 of 2nd period - Shot Misses the Net.
12:52 of 2nd period - Willie Mitchell is hit by Tye McGinn.
12:56 of 2nd period - Willie Mitchell is hit by Adam Larsson and loses puck.
13:31 of 2nd period - Wrist shot by Petr Pohl.
13:31 of 2nd period - Goal by Petr Pohl - Rafales : 2 - Tamiflu : 3.
13:32 of 2nd period - Greg Mauldin wins face-off versus Mike Zigomanis in neutral zone.
13:40 of 2nd period - Icing by Bruno Gervais.
13:41 of 2nd period - Petr Pohl wins face-off versus Mike Zigomanis in Rafales zone.
13:50 of 2nd period - Snap shot by Robert Dome.
13:50 of 2nd period - Stopped by John Gibson with a rebound.
13:52 of 2nd period - Slapshot by Kyle Lawson.
13:52 of 2nd period - Deflect By Robert Dome.
13:52 of 2nd period - Shot Blocked by Mike Zigomanis.
13:52 of 2nd period - Puck is out of play.
13:53 of 2nd period - Greg Mauldin wins face-off versus Mike Zigomanis in Rafales zone.
14:41 of 2nd period - Snap shot by Kevin Veilleux.
14:41 of 2nd period - Shot Misses the Net.
14:43 of 2nd period - Slapshot by Willie Mitchell.
14:43 of 2nd period - Shot Blocked by Mike Duco.
14:45 of 2nd period - Slapshot by Matt Gilroy.
14:45 of 2nd period - Shot Misses the Net.
15:05 of 2nd period - Snap shot by Colin Greening.
15:05 of 2nd period - Shot Blocked by Tim Crowder.
15:45 of 2nd period - Snap shot by Cody McLeod.
15:45 of 2nd period - Stopped by Thomas Greiss without a rebound.
15:46 of 2nd period - Nathan Davis wins face-off versus Casey Wellman in Tamiflu zone.
16:37 of 2nd period - Minor Penalty to Tye McGinn for Kneeing.
16:38 of 2nd period - Robert Dome wins face-off versus Mike Zigomanis in Tamiflu zone.
16:51 of 2nd period - Wrist shot by Robert Dome.
16:51 of 2nd period - Shot Misses the Net.
17:13 of 2nd period - Slapshot by Mike Sislo.
17:13 of 2nd period - Stopped by Thomas Greiss with a rebound.
17:15 of 2nd period - Wrist shot by Matt Gilroy.
17:15 of 2nd period - Shot Blocked by Robert Dome.
17:17 of 2nd period - Wrist shot by Bruno Gervais.
17:17 of 2nd period - Goal by Bruno Gervais - Rafales : 3 - Tamiflu : 3.
17:18 of 2nd period - Mike Duco wins face-off versus Mike Zigomanis in neutral zone.
17:21 of 2nd period - Willie Mitchell is hit by Jamie Arniel and loses puck.
17:32 of 2nd period - Snap shot by Jamie Arniel.
17:32 of 2nd period - Goal by Jamie Arniel - Rafales : 3 - Tamiflu : 4.
17:33 of 2nd period - Mike Zigomanis wins face-off versus Greg Mauldin in neutral zone.
17:35 of 2nd period - Minor Penalty to Milan Bartovic for Roughing.
17:36 of 2nd period - Robert Dome wins face-off versus Mike Zigomanis in Rafales zone.
17:38 of 2nd period - Snap shot by Robert Dome.
17:38 of 2nd period - Shot Misses the Net.
17:40 of 2nd period - Slapshot by Nathan Oystrick.
17:40 of 2nd period - Shot Blocked by Matt Gilroy.
19:35 of 2nd period - Penalty to Milan Bartovic is over, Milan Bartovic is back on ice.
19:56 of 2nd period - Snap shot by Cody McLeod.
19:56 of 2nd period - Shot Blocked by Adam Larsson.
19:58 of 2nd period - Snap shot by Milan Bartovic.
19:58 of 2nd period - Shot Misses the Net.
Goals for this period are 2 for Rafales vs 4 for Tamiflu.
Shots for this period are 13 for Rafales vs 18 for Tamiflu.
3rd period
0:01 of 3rd period - Greg Mauldin wins face-off versus Mike Zigomanis in neutral zone.
0:27 of 3rd period - Jordan Hendry is hit by Mike Sislo and loses puck.
0:31 of 3rd period - Icing by Nathan Oystrick.
0:32 of 3rd period - Dan Fritsche wins face-off versus Jamie Arniel in Tamiflu zone.
0:33 of 3rd period - Wrist shot by Mike Sislo.
0:33 of 3rd period - Shot Blocked by Tye McGinn.
0:51 of 3rd period - Mike Sislo is hit by Kyle Lawson and loses puck.
1:25 of 3rd period - Minor Penalty to Mike Duco for Holding.
1:26 of 3rd period - Mike Zigomanis wins face-off versus Robert Dome in Tamiflu zone.
1:34 of 3rd period - Slapshot by Mike Zigomanis.
1:34 of 3rd period - Shot Misses the Net.
1:36 of 3rd period - Slapshot by Bruno Gervais.
1:36 of 3rd period - Stopped by Thomas Greiss with a rebound.
3:24 of 3rd period - Robert Dome is hit by Carl Klingberg and loses puck.
3:25 of 3rd period - Penalty to Mike Duco is over, Mike Duco is back on ice.
3:29 of 3rd period - Wrist shot by Carl Klingberg.
3:29 of 3rd period - Stopped by Thomas Greiss with a rebound.
3:31 of 3rd period - Slapshot by Willie Mitchell.
3:31 of 3rd period - Stopped by Thomas Greiss with a rebound.
3:33 of 3rd period - Slapshot by Willie Mitchell.
3:33 of 3rd period - Deflect By Johan Ryno.
3:33 of 3rd period - Shot Blocked by Nathan Oystrick.
3:33 of 3rd period - Puck is out of play.
3:34 of 3rd period - Kevin Veilleux wins face-off versus Colin Greening in Tamiflu zone.
3:59 of 3rd period - Mike Sislo is hit by Mike Duco and loses puck.
4:04 of 3rd period - Slapshot by Jamie Arniel.
4:04 of 3rd period - Shot Misses the Net.
4:26 of 3rd period - Wrist shot by Rich Clune.
4:26 of 3rd period - Deflect By Mike Zigomanis.
4:26 of 3rd period - Goal by Rich Clune - Rafales : 3 - Tamiflu : 5.
4:27 of 3rd period - Greg Mauldin wins face-off versus Mike Zigomanis in neutral zone.
4:40 of 3rd period - Snap shot by Greg Mauldin.
4:40 of 3rd period - Goal by Greg Mauldin - Rafales : 3 - Tamiflu : 6.
4:41 of 3rd period - Mike Zigomanis wins face-off versus Greg Mauldin in neutral zone.
4:44 of 3rd period - Robert Dome is hit by Cody McLeod and loses puck.
4:53 of 3rd period - Slapshot by Matt Gilroy.
4:53 of 3rd period - Shot Misses the Net.
5:27 of 3rd period - Snap shot by Jamie Arniel.
5:27 of 3rd period - Shot Misses the Net.
5:29 of 3rd period - Wrist shot by Mike Duco.
5:29 of 3rd period - Stopped by John Gibson without a rebound.
5:30 of 3rd period - Jamie Arniel wins face-off versus Dan Fritsche in Rafales zone.
6:01 of 3rd period - Wrist shot by Greg Mauldin.
6:01 of 3rd period - Stopped by John Gibson with a rebound.
6:19 of 3rd period - Slapshot by Nathan Davis.
6:19 of 3rd period - Stopped by Thomas Greiss with a rebound.
6:31 of 3rd period - Mark Fayne is hit by Nino Niederreiter and loses puck.
6:44 of 3rd period - Wrist shot by Carl Klingberg.
6:44 of 3rd period - Deflect By Johan Ryno.
6:44 of 3rd period - Shot Misses the Net.
6:44 of 3rd period - Puck is out of play.
6:45 of 3rd period - Kevin Veilleux wins face-off versus Casey Wellman in Tamiflu zone.
7:01 of 3rd period - Snap shot by Johan Ryno.
7:01 of 3rd period - Shot Blocked by Jordan Hendry.
7:21 of 3rd period - Wrist shot by Robert Dome.
7:21 of 3rd period - Shot Blocked by Cody McLeod.
7:31 of 3rd period - Adam Larsson is hit by Geoff Paukovich and loses puck.
7:50 of 3rd period - Willie Mitchell is hit by Colin Greening and loses puck.
8:34 of 3rd period - Snap shot by Jonathan Rheault.
8:34 of 3rd period - Stopped by Thomas Greiss without a rebound.
8:35 of 3rd period - Greg Mauldin wins face-off versus Nathan Davis in Tamiflu zone.
8:47 of 3rd period - Minor Penalty to Geoff Paukovich for Holding.
8:48 of 3rd period - Mike Zigomanis wins face-off versus Greg Mauldin in Rafales zone.
8:54 of 3rd period - Wrist shot by Cody McLeod.
8:54 of 3rd period - Stopped by Thomas Greiss with a rebound.
8:56 of 3rd period - Slapshot by Cody McLeod.
8:56 of 3rd period - Stopped by Thomas Greiss without a rebound.
8:57 of 3rd period - Greg Mauldin wins face-off versus Mike Zigomanis in Tamiflu zone.
9:38 of 3rd period - Slapshot by Petr Pohl.
9:38 of 3rd period - Stopped by John Gibson without a rebound.
9:39 of 3rd period - Milan Bartovic wins face-off versus Jamie Arniel in Rafales zone.
9:39 of 3rd period - Milan Bartovic is hit by Jamie Arniel.
9:56 of 3rd period - Off-side.
9:57 of 3rd period - Jamie Arniel wins face-off versus Milan Bartovic in neutral zone.
10:31 of 3rd period - Snap shot by Petr Pohl.
10:31 of 3rd period - Stopped by John Gibson without a rebound.
10:32 of 3rd period - Greg Mauldin wins face-off versus Mike Zigomanis in Rafales zone.
10:47 of 3rd period - Penalty to Geoff Paukovich is over, Geoff Paukovich is back on ice.
11:03 of 3rd period - Marc-André Gragnani is hit by Colin Greening and loses puck.
11:12 of 3rd period - Slapshot by Nino Niederreiter.
11:12 of 3rd period - Stopped by John Gibson with a rebound.
11:14 of 3rd period - Slapshot by Adam Larsson.
11:14 of 3rd period - Stopped by John Gibson without a rebound.
11:15 of 3rd period - Jamie Arniel wins face-off versus Tim Crowder in Rafales zone.
11:16 of 3rd period - Wrist shot by Mike Duco.
11:16 of 3rd period - Deflect By Matt Gilroy.
11:16 of 3rd period - Stopped by John Gibson with a rebound.
11:18 of 3rd period - Snap shot by Kyle Lawson.
11:18 of 3rd period - Shot Misses the Net.
11:40 of 3rd period - Tim Crowder is hit by Colin Greening and loses puck.
11:47 of 3rd period - Icing by Dan Fritsche.
11:48 of 3rd period - Dan Fritsche wins face-off versus Greg Mauldin in Rafales zone.
11:48 of 3rd period - Dan Fritsche is hit by Petr Pohl.
11:56 of 3rd period - Snap shot by Tim Crowder.
11:56 of 3rd period - Stopped by Thomas Greiss with a rebound.
12:17 of 3rd period - Icing by Bruno Gervais.
12:18 of 3rd period - Dan Fritsche wins face-off versus Tye McGinn in Rafales zone.
14:03 of 3rd period - Kyle Lawson is hit by Nathan Davis.
14:16 of 3rd period - Off-side.
14:17 of 3rd period - Greg Mauldin wins face-off versus Kevin Veilleux in neutral zone.
14:34 of 3rd period - Snap shot by Johan Ryno.
14:34 of 3rd period - Shot Blocked by Jordan Hendry.
14:36 of 3rd period - Slapshot by Johan Ryno.
14:36 of 3rd period - Stopped by Thomas Greiss without a rebound.
14:37 of 3rd period - Jamie Arniel wins face-off versus Mike Zigomanis in Tamiflu zone.
14:46 of 3rd period - Wrist shot by Jamie Arniel.
14:46 of 3rd period - Stopped by John Gibson with a rebound.
15:02 of 3rd period - Nathan Davis is hit by Petr Pohl and loses puck.
15:09 of 3rd period - Snap shot by Robert Dome.
15:09 of 3rd period - Shot Blocked by Geoff Paukovich.
15:11 of 3rd period - Backhand shot by Nathan Oystrick.
15:11 of 3rd period - Deflect By Petr Pohl.
15:11 of 3rd period - Stopped by John Gibson with a rebound.
15:50 of 3rd period - Wrist shot by Mattias Tedenby.
15:50 of 3rd period - Shot Misses the Net.
15:56 of 3rd period - Wrist shot by Mattias Tedenby.
15:56 of 3rd period - Shot Misses the Net.
16:08 of 3rd period - Wrist shot by Robert Dome.
16:08 of 3rd period - Shot Misses the Net.
16:10 of 3rd period - Slapshot by Kyle Lawson.
16:10 of 3rd period - Stopped by John Gibson with a rebound.
16:12 of 3rd period - Slapshot by Kyle Lawson.
16:12 of 3rd period - Shot Blocked by Matt Gilroy.
16:18 of 3rd period - Snap shot by Robert Dome.
16:18 of 3rd period - Shot Misses the Net.
16:30 of 3rd period - Snap shot by Mike Zigomanis.
16:30 of 3rd period - Deflect By Mike Duco.
16:30 of 3rd period - Stopped by Thomas Greiss without a rebound.
16:31 of 3rd period - Jamie Arniel wins face-off versus Mike Zigomanis in Tamiflu zone.
17:03 of 3rd period - Snap shot by Geoff Paukovich.
17:03 of 3rd period - Stopped by Thomas Greiss without a rebound.
17:04 of 3rd period - Mike Zigomanis wins face-off versus Greg Mauldin in Tamiflu zone.
17:31 of 3rd period - Bruno Gervais is hit by Tye McGinn and loses puck.
17:36 of 3rd period - Snap shot by Jamie Arniel.
17:36 of 3rd period - Shot Blocked by Nathan Davis.
18:11 of 3rd period - Snap shot by Carl Klingberg.
18:11 of 3rd period - Shot Misses the Net.
18:13 of 3rd period - Wrist shot by Carl Klingberg.
18:13 of 3rd period - Shot Misses the Net.
18:15 of 3rd period - Wrist shot by Johan Ryno.
18:15 of 3rd period - Shot Blocked by Kyle Lawson.
18:17 of 3rd period - Slapshot by Matt Gilroy.
18:17 of 3rd period - Deflect By Kyle Lawson.
18:17 of 3rd period - Stopped by Thomas Greiss without a rebound.
18:18 of 3rd period - Mike Zigomanis wins face-off versus Greg Mauldin in Tamiflu zone.
18:21 of 3rd period - Wrist shot by Milan Bartovic.
18:21 of 3rd period - Shot Misses the Net.
18:23 of 3rd period - Snap shot by Mark Fayne.
18:23 of 3rd period - Shot Blocked by Jordan Hendry.
19:10 of 3rd period - Snap shot by Jan Mursak.
19:10 of 3rd period - Shot Blocked by Mike Sislo.
Goals for this period are 0 for Rafales vs 2 for Tamiflu.
Shots for this period are 12 for Rafales vs 12 for Tamiflu.
Back to the Top